AoeStats
← PTCG_Twippo

Oasis

509741923Analyzed
2v2 RM · 3d ago on Sep 27, 2026· 63m 58s· 4 players
Game mode
Random Map
Map size
Medium (4 player)
Population
200
Speed
Normal
Resources
Standard
Victory
Conquest
Starting age
Dark Age
Ending age
Imperial Age
RankedLock teamsTeams togetherTeam positionsShared explorationLock speedFull tech treeHidden civsTurbo modeCheats
Victory
Defeat
🇺🇸 Japanese · United States
1082
+16
🇺🇸 Muisca · United States
1041
+18
🇺🇸 Byzantines · United States
1109
-19
🇺🇸 Japanese · United States
1047
-15
Antonio Banderas
6:57 Loom
9:03 Feudal Age
9:29 Man-at-Arms
13:14 Arson
20:46 Castle Age
19:12 Fletching
23:08 Double-Bit Axe
27:06 Wheelbarrow
26:28 Stone Mining
30:59 Hand Cart
33:50 Imperial Age
31:37 Scale Mail Armor
31:02 Elite Skirmisher
33:23 Chain Mail Armor
33:01 Gold Mining
33:15 Town Watch
35:03 Plate Mail Armor
36:02 Chemistry
36:09 Forging
35:56 Bodkin Arrow
36:54 Squires
36:40 Gambesons
37:38 Elite Samurai
39:09 Padded Archer Armor
39:10 Bracer
39:38 Bow Saw
41:15 Kataparuto
41:33 Forging
41:41 Leather Archer Armor
41:59 Forging
43:05 Ballistics
42:55 Masonry
46:48 Ring Archer Armor
51:51 Conscription
55:19 Iron Casting
55:09 Guard Tower
61:41 Scale Barding Armor
61:06 Light Cavalry
61:57 Bloodlines
61:47 Husbandry
63:32 Chain Barding Armor
64:13 Blast Furnace
63:23 Siege Engineers
63:02 Cavalier
John Microsoft
3:00 Loom
12:13 Feudal Age
20:02 Castle Age
18:48 Fletching
18:59 Padded Archer Armor
20:41 Wheelbarrow
23:20 Crossbowman
23:57 Horse Collar
24:05 Double-Bit Axe
26:32 Ballistics
26:42 Sanctity
26:41 Fervor
27:03 Thumb Ring
30:33 Bodkin Arrow
30:53 Leather Archer Armor
32:12 Hand Cart
36:28 Imperial Age
34:56 Forging
34:46 Scale Mail Armor
36:40 Heavy Plow
37:35 Arbalester
38:17 Bracer
38:54 Iron Casting
38:34 Chain Mail Armor
39:15 Conscription
39:10 Herbalism
38:39 Elite Guecha Warrior
43:46 Chemistry
44:10 Gold Mining
44:35 Bow Saw
44:17 Stone Mining
45:01 Crop Rotation
48:09 Two-Man Saw
52:29 Champi Runner
53:11 Squires
53:44 Plate Mail Armor
53:09 Champi Warrior
54:29 Elite Champi Warrior
XxX_ins1dious_XxX
5:46 Loom
13:27 Feudal Age
17:16 Castle Age
15:20 Gold Mining
15:22 Stone Mining
15:20 Double-Bit Axe
16:43 Wheelbarrow
16:18 Man-at-Arms
17:39 Horse Collar
18:51 Squires
21:01 Bow Saw
21:29 Heavy Plow
22:29 Gold Mining
24:31 Long Swordsman
26:50 Scale Mail Armor
28:43 Hand Cart
27:53 Pikeman
30:19 Forging
30:42 Arson
31:56 Town Watch
35:21 Imperial Age
33:31 Gambesons
34:29 Iron Casting
35:07 Gold Shaft Mining
35:35 Chain Mail Armor
35:24 Capped Ram
37:30 Conscription
37:32 Town Patrol
37:25 Two-Handed Swordsman
37:27 Halberdier
38:43 Scale Barding Armor
39:10 Plate Mail Armor
41:33 Elite Samurai
42:24 Fletching
42:34 Padded Archer Armor
43:13 Elite Skirmisher
43:52 Bodkin Arrow
44:12 Leather Archer Armor
44:03 Onager
45:39 Champion
47:43 Blast Furnace
46:09 Champion
52:51 Ring Archer Armor
52:21 Bracer
52:30 Thumb Ring
53:03 Caravan
58:38 Scale Barding Armor
59:49 Two-Man Saw
58:16 Light Cavalry
59:07 Bloodlines
59:33 Husbandry
59:58 Chain Barding Armor
61:13 Cavalier
PTCG_Twippo
11:12 Feudal Age
20:40 Double-Bit Axe
24:23 Castle Age
22:48 Fletching
23:39 Horse Collar
26:01 Bodkin Arrow
27:10 Wheelbarrow
27:07 Padded Archer Armor
28:19 Hand Cart
32:19 Imperial Age
31:05 Bow Saw
30:57 Heavy Plow
31:16 Elite Skirmisher
33:39 Conscription
34:39 Two-Man Saw
34:09 Gold Mining
35:35 Chemistry
35:23 Crossbowman
36:39 Ballistics
37:51 Thumb Ring
40:16 Leather Archer Armor
42:09 Bracer
48:24 Ring Archer Armor
50:43 Treadmill Crane
Connection lost

Rejoining the realm…

Still unreachable

The connection could not be restored.

Session expired

The server has moved on; the page needs a fresh start.